 Dungeon Crawl Stone Soup version bcrawl-1.27.7 (webtiles) character file.

Game seed: 1651939141366495315

154460 Nattfarinn the Shooter (level 4, -2/37 HPs)
             Began as a Centaur Hunter on Oct 26, 2020.
             Killed from afar by an orc wizard (8 damage)
             ... with a magic dart
             ... on level 3 of the Dungeon.
             The game lasted 00:04:21 (1849 turns).

Nattfarinn the Shooter (Centaur Hunter)             Turns: 1849, Time: 00:04:22

Health: -2/37      AC:  4    Str: 17    XL:     4   Next: 75%
Magic:  4/4        EV:  9    Int: 11    God:
Gold:   139        SH:  0    Dex: 10    Spells: 3/3 levels left

rFire    . . .     SeeInvis .   a - +2 shortbow
rCold    . . .     Gourm    .   (shield currently unavailable)
rNeg     . . .     Faith    .   c - +0 leather armour
rPois    .         Spirit   .   (no helmet)
rElec    .         Reflect  .   (no cloak)
rCorr    .         Harm     .   (no gloves)
MR       .....                  (no barding)
Stlth    +.........             (no amulet)
HPRegen  0.12/turn              (no ring)
MPRegen  0.09/turn              (no ring)

@: very quick
A: large, hooves 3, deformed body, herbivore, speed 2, tough skin 3
a: no special abilities


You were on level 3 of the Dungeon.
You were hungry.

You visited 1 branch of the dungeon, and saw 3 of its levels.

You collected 139 gold pieces.

Inventory:

Hand Weapons
 a - a +2 shortbow (weapon)
 b - a +0 spear
 f - a +0 short sword
Missiles
 d - 294 arrows (quivered)
 h - a throwing net {=f}
Armour
 c - a +0 leather armour (worn)
Jewellery
 s - an uncursed ring of see invisible {unknown}
 u - a +5 ring of strength
Scrolls
 g - 4 scrolls of identify
 i - a scroll of immolation {unknown}
 j - a scroll of remove curse {unknown}
 q - a scroll of blinking {unknown}
 t - 2 scrolls of amnesia {unknown}
 v - a scroll of fog {unknown}
Potions
 k - 2 potions of mutation {unknown}
 l - a potion of heal wounds {unknown}
 m - 2 potions of degeneration {unknown}
 n - a potion of curing {unknown}
 o - a potion of lignification {unknown}
 p - a potion of haste {unknown}
 r - a potion of flight {unknown}
Comestibles
 e - 6 rations {!d}


   Skills:
 + Level 2.6 Fighting
 + Level 0.1 Polearms
 + Level 7.4 Bows
 * Level 1.4 Armour
 + Level 1.4 Dodging
 - Level 0.5 Stealth


You had 3 spell levels left.
You didn't know any spells.
Your spell library was empty.

Dungeon Overview and Level Annotations

Branches:
Dungeon (3/12)

Altars:
Yredelemnul
The Shining One


Innate Abilities, Weirdness & Mutations

You have hooves in place of feet.
Armour fits poorly on your strangely shaped body.
You are a herbivore.
You cover ground very quickly.
You have extremely tough skin. (AC +3)


Message History

The orc wizard closely misses you.
An orc comes into view.
Something hits you.
You are too injured to fight recklessly!
You are too injured to fight recklessly!
You are too injured to fight recklessly!
You are too injured to fight recklessly!
You are too injured to fight recklessly!
You hear some strange, mumbled words.
A puff of flame appears from out of thin air!
The puff of flame hits you!
The orc wizard mumbles some strange words.
The orc wizard flickers and vanishes!
Sorry, you're not good enough to have a special ability.
A magic dart appears from out of thin air!
The magic dart hits you!
* * * LOW HITPOINT WARNING * * *
A magic dart appears from out of thin air!
The magic dart hits you!
You die...

#.......................
#........######.[..#####
#............##....#
#............##....#
#............##....#
#............##....#
#............#######
#............##....#
##.###.@.....##....#####
#>.....................
#####.....####....#####
#####.....## #....#
#.....{....# #....###
#..........# ##....)###
#.....o.../# #........
#..........# #........
###..........#####.....


You could see an orc.

Vanquished Creatures
  5 adders (D:3)
  An ooze (D:2)
  4 dart slugs
  2 leopard geckos
  10 orcs
  3 goblins
  5 hobgoblins
  2 jackals (D:3)
  A quokka (D:3)
  2 ball pythons
  3 bats
  3 frilled lizards
  7 kobolds
  5 rats
53 creatures vanquished.

Notes
Turn   | Place    | Note
-------+----------+-------------------------------------------
     0 | D:1      | Nattfarinn the Centaur Hunter began the quest for the Orb.
     0 | D:1      | Reached XP level 1. HP: 17/17 MP: 1/1
    88 | D:1      | Reached XP level 2. HP: 24/24 MP: 2/2
   223 | D:1      | Reached skill level 6 in Bows
   732 | D:2      | Reached XP level 3. HP: 27/29 MP: 3/3
   885 | D:2      | Found a glowing golden altar of the Shining One.
  1286 | D:2      | Found a basalt altar of Yredelemnul.
  1288 | D:2      | Noticed a profane servitor
  1409 | D:3      | Reached skill level 1 in Armour
  1516 | D:3      | Reached XP level 4. HP: 34/37 MP: 4/4
  1544 | D:3      | Reached skill level 7 in Bows
  1849 | D:3      | Killed from afar by an orc wizard

Skill      XL: |  1  2  3  4 |
---------------+-------------+-----
Bows           | 6 7 |  7.4
Armour         | 1 |  1.4
Fighting       | |  2.6
Polearms       | |  0.1
Dodging        | |  1.4
Stealth        | |  0.5

Action                   |  1- 3 |  4- 6 || total
-------------------------+-------+-------++-------
Melee: Spear             |    21 |       ||    21
       Kick              |     4 |       ||     4
 Fire: Shortbow          |    72 |    50 ||   122
  Eat: Ration            |     1 |       ||     1
Armor: Leather armour    |     8 |     8 ||    16
Dodge: Dodged            |    10 |     8 ||    18
